 Dungeon Crawl Stone Soup version 0.27.0-1-g7a089689b8 (webtiles) character file.

Game seed: 10983441344551925191

640 pkoi the Grappler (level 7, -5/57 HPs)
             Began as a Minotaur Monk on Aug 1, 2021.
             Slain by a sky beast (6 damage)
             ... on level 5 of the Dungeon.
             The game lasted 00:04:41 (5323 turns).

pkoi the Grappler (Minotaur Monk)                   Turns: 5323, Time: 00:04:41

Health: -5/57      AC:  4    Str: 18    XL:     7   Next: 26%
Magic:  6/6        EV: 12    Int:  7    God:
Gold:   212        SH:  0    Dex: 12    Spells: 6/6 levels left

rFire    . . .     SeeInvis .     - Unarmed
rCold    + . .     Faith    .   (no shield)
rNeg     . . .     Spirit   .   a - +0 robe
rPois    .         Reflect  .   k - +2 hat
rElec    .         Harm     .   (no cloak)
rCorr    .         Rampage  .   (no gloves)
Will     .....                  (no boots)
Stlth    ++........             (no amulet)
HPRegen  0.19/turn              h - ring of protection from cold
MPRegen  0.10/turn              (no ring)

@: hasted, very quick
A: horns 2, retaliatory headbutt
a: no special abilities


You were on level 5 of the Dungeon.
You visited 1 branch of the dungeon, and saw 5 of its levels.

You collected 212 gold pieces.

Inventory:

Missiles
 g - 23 poisoned darts (quivered)
Armour
 a - a +0 robe (worn)
 k - a +2 hat (worn)
Jewellery
 h - a ring of protection from cold (left hand)
Wands
 f - a wand of paralysis (6)
 l - a wand of charming (13)
Scrolls
 c - 2 scrolls of amnesia
 d - a scroll of fog
 e - 2 scrolls of identify
 j - a scroll of acquirement {unknown}
Potions
 i - a potion of mutation {unknown}


   Skills:
 - Level 3.6 Fighting
 - Level 3.2 Dodging
 - Level 1.5 Stealth
 + Level 9.3 Unarmed Combat


You had 6 spell levels left.
You didn't know any spells.
Your spell library contained the following spells:

 Spells                   Type           Power      Damage    Failure   Level
 Passwall                 Tmut/Erth      0%         N/A       56%         2
 Ozocubu's Armour         Ice            0%         N/A       80%         3
 Stone Arrow              Conj/Erth      0%         3d7       80%         3
 Swiftness                Air            0%         N/A       80%         3
 Animate Armour           Summ/Erth      0%         N/A       99%         4
 Metabolic Englaciation   Hex/Ice        0%         N/A       100%        5
 Invisibility             Hex            0%         N/A       100%        6
 Simulacrum               Ice/Necr       0%         N/A       100%        6
 Lehudib's Crystal Spear  Conj/Erth      0%         10d2      100%        8


Dungeon Overview and Level Annotations

Branches:
Dungeon (5/15)
 Temple: D:4-7

Altars:
Fedhas
Hepliaklqana
Nemelex Xobeh

Annotations:
D:3 2 transporters


Innate Abilities, Weirdness & Mutations

You have a pair of horns on your head.
You reflexively headbutt those who attack you in melee.


Message History

Something hits you but does no damage.
You are too injured to fight recklessly!
You are too injured to fight recklessly!
You are too injured to fight recklessly!
You are too injured to fight recklessly!
You are too injured to fight recklessly!
You are too injured to fight recklessly!
You are too injured to fight recklessly!
You are too injured to fight recklessly!
You are too injured to fight recklessly!
You are too injured to fight recklessly!
You are too injured to fight recklessly!
You are too injured to fight recklessly!
You are too injured to fight recklessly!
You are too injured to fight recklessly!
You are too injured to fight recklessly!
You are too injured to fight recklessly!
You are too injured to fight recklessly!
You are too injured to fight recklessly!
Menkaure calls on the powers of darkness!
Your body is wracked with pain!
* * * LOW HITPOINT WARNING * * *
Something is bathed in an unholy light!
It was a potion of haste.
You feel yourself speed up. Menkaure hits you!
* * * LOW HITPOINT WARNING * * *
You barely miss Menkaure.
Menkaure is heavily damaged.
Menkaure closely misses you. You furiously retaliate!
You headbutt Menkaure. You punch Menkaure!
Menkaure is almost destroyed.
You hit Menkaure.
You destroy Menkaure!
Your Unarmed Combat skill increases to level 9!
You miss something. You headbutt something. Something barely misses you.
Unknown command.
You miss something. You headbutt something. You closely miss something.
Your headbutt misses something. Something hits you.
* * * LOW HITPOINT WARNING * * *
Something shocks you.
You die...

#.........#
+.........+
#.........#
#.......# #.....#
#...# #†# #.#
##@##### #......#
##...##.#
##.......##
.........P..#######
..###..............
.. #...._.########
. #..#...# #....P.#


There were no monsters in sight!

Vanquished Creatures
  Menkaure (D:5)
  A black bear (D:4)
  A water moccasin skeleton (D:4)
  A hound (D:5)
  A bullfrog skeleton (D:4)
  2 orc priests
  A jelly (D:5)
  3 orc wizards
  4 adders
  A white imp (D:5)
  An adder skeleton (D:4)
  A worm (D:2)
  5 dart slugs
  7 orcs
  5 bats
  6 endoplasms
  A giant cockroach (D:3)
  10 goblins
  9 hobgoblins
  15 jackals
  2 quokkas
  10 ball pythons
  2 frilled lizards
  8 kobolds
  6 rats
104 creatures vanquished.

Notes
Turn   | Place    | Note
-------+----------+-------------------------------------------
     0 | D:1      | pkoi the Minotaur Monk began the quest for the Orb.
     0 | D:1      | Reached XP level 1. HP: 19/19 MP: 0/0
    89 | D:1      | Reached XP level 2. HP: 5/26 MP: 1/1
   365 | D:1      | Reached skill level 4 in Unarmed Combat
   531 | D:1      | Found a faded altar of an unknown god.
   956 | D:1      | Reached XP level 3. HP: 20/31 MP: 2/2
  1624 | D:2      | Reached skill level 5 in Unarmed Combat
  2047 | D:2      | Reached XP level 4. HP: 21/39 MP: 3/3
  2840 | D:3      | Found a transporter.
  2884 | D:3      | Reached skill level 6 in Unarmed Combat
  2891 | D:3      | Reached XP level 5. HP: 30/45 MP: 4/4
  3135 | D:3      | Found a transporter.
  3711 | D:3      | Reached skill level 7 in Unarmed Combat
  4558 | D:4      | Reached XP level 6. HP: 46/51 MP: 5/5
  4643 | D:4      | Found a sparkling altar of Nemelex Xobeh.
  4734 | D:5      | Entered Level 5 of the Dungeon
  4855 | D:5      | Found a hazy altar of Hepliaklqana.
  4880 | D:5      | Reached skill level 8 in Unarmed Combat
  5033 | D:4      | Reached XP level 7. HP: 26/57 MP: 6/6
  5288 | D:5      | Found a blossoming altar of Fedhas.
  5303 | D:5      | Noticed Menkaure
  5317 | D:5      | HP: 2/57 [Menkaure (10)]
  5320 | D:5      | Killed Menkaure
  5321 | D:5      | Reached skill level 9 in Unarmed Combat
  5323 | D:5      | HP: 1/57 [something (2)]
  5323 | D:5      | Slain by a sky beast

Illustrated notes

Levels and vault maps discovered:
D:1:      tarquinn_simple_flora_water_a, layout_basic,
          hellmonk_ecumenical_altar_blasted, wad_floor_pattern_2
D:2:      minmay_door_path, layout_loops_ring
D:3:      gammafunk_wand_slinger, layout_loops_corners, serial_rivers,
          chequers_serial_rivers_small_a, chequers_serial_rivers_micro_a,
          chequers_serial_rivers_room_a, chequers_serial_rivers_large_a,
          saegor_snake_ambush
D:4:      mumra_celtic_spiral_tile, layout_gridville, kennysheep_little_box
D:5:      layout_loops_corners, mainiacjoe_overflow_tiny_flanked,
          mainiacjoe_overflow_concentric_impassable,
          minmay_temple_entry_overgrown, enter_ossuary_4, portal_sewer_entry_e,
          chequers_arboretum, uniq_menkaure

Skill      XL: |  1  2  3  4  5  6  7 |
---------------+----------------------+-----
Unarmed Combat | 4 5 6 7 8 9 |  9.3
Fighting       | |  3.6
Dodging        | |  3.2
Stealth        | |  1.5

Action                   |  1- 3 |  4- 6 |  7- 9 || total
-------------------------+-------+-------+-------++-------
Melee: Unarmed           |   115 |   112 |    16 ||   243
       Headbutt          |    14 |    25 |     3 ||    42
       Punch             |       |     1 |       ||     1
  Use: Scroll            |     2 |     5 |       ||     7
       Potion            |       |     2 |     1 ||     3
 Stab: Sleeping          |     5 |     4 |       ||     9
Armor: Robe              |     8 |    18 |     1 ||    27
Dodge: Dodged            |    73 |    52 |     4 ||   129
